 Dungeon Crawl Stone Soup version 0.31-a0-986-g5e6e4ef867 (webtiles) character file.

Game seed: 16556191301854210448

4 horus123 the Magician (level 1, -2/10 HPs)
             Began as a Deep Elf Hedge Wizard on Nov 20, 2023.
             Slain by a gnoll
             ... wielding a +0 spear
              (8 damage)
             ... on level 1 of the Dungeon.
             The game lasted 00:00:17 (121 turns).

horus123 the Magician (Deep Elf Hedge Wizard)        Turns: 121, Time: 00:00:18

Health: -2/10      AC:  2    Str:  7    XL:     1   Next: 50%
Magic:  2/8        EV: 12    Int: 18    God:
Gold:   0          SH:  0    Dex: 14    Spells: 8/9 levels left

rFire   . . .        a - +0 dagger
rCold   . . .        (no shield)
rNeg    . . .        b - +0 robe
rPois   .            c - +0 hat
rElec   .            (no cloak)
rCorr   .            (no gloves)
SInv    .            (no boots)
Will    .....        (no amulet)
Stlth   ++           (no ring)
HPRegen 0.21/turn    (no ring)
MPRegen 0.11/turn

%: no passive effects
@: no status effects
A: no striking features
a: no special abilities


You were on level 1 of the Dungeon.
You visited 1 branch of the dungeon, and saw 1 of its levels.

Inventory:

Hand Weapons
 a - a +0 dagger (weapon)
Armour
 b - a +0 robe (worn)
 c - a +0 hat (worn)
Potions
 d - a potion of magic


   Skills:
 - Level 2.4 Dodging
 - Level 2.4 Stealth
 + Level 4.8 Spellcasting
 - Level 1.1 Conjurations
 - Level 1.1 Summonings
 - Level 1.1 Translocations


You had 8 spell levels left.
You knew the following spells:

 Your Spells              Type           Power      Damage    Failure   Level
a - Magic Dart            Conj           32%        1d4       9%          1

Your spell library contained the following spells:

 Spells                   Type           Power      Damage    Failure   Level
 Blink                    Tloc           16%        N/A       13%         2
 Call Imp                 Summ           16%        N/A       13%         2
 Slow                     Hex            16%        N/A       14%         1
 Cigotuvi's Dreadful Rot  Necr/Pois/Air  8%         N/A       21%         2
 Mephitic Cloud           Conj/Pois/Air  5%         N/A       34%         3


Dungeon Overview and Level Annotations

Branches:
Dungeon (1/15)

Altars:


Message History

a +0 dagger; a goblin corpse A rat comes into view.
The magic dart hits the rat.
The rat is heavily wounded.
The magic dart hits the rat.
You kill the rat! 2 bats come into view.
The magic dart hits the bat.
The bat is heavily wounded.
The magic dart hits the bat.
You kill the bat!
The bat closely misses you.
The magic dart hits the bat.
The bat is severely wounded.
The bat closely misses you.
The magic dart hits the bat.
You kill the bat!
You can't see any susceptible monsters within range! (Use Z to cast anyway.)
You see here a rat corpse.
A gnoll comes into view. It is wielding a +0 spear.
The magic dart hits the gnoll but does no damage.
An endoplasm comes into view.
The magic dart hits the gnoll.
The gnoll is lightly wounded.
The magic dart hits the gnoll but does no damage.
The gnoll is lightly wounded.
The magic dart hits the gnoll.
The gnoll is lightly wounded.
The gnoll hits you from afar with a +0 spear.
The magic dart hits the gnoll but does no damage.
The gnoll is lightly wounded.
The gnoll barely misses you.
The magic dart hits the gnoll.
The gnoll is moderately wounded.
The gnoll misses you.
The magic dart hits the gnoll.
The gnoll is heavily wounded.
The gnoll hits you from afar with a +0 spear!
Ouch! That really hurt!
You die...

...####...#
..........+
#######...#
##.##### ##
##...##.#
#.##..####.#
##.#g###.##.#
#.#.##..†#.##
#..#.@.#..~...#
#.#...~.~~...##
#...~.≈~~≈†##.#
##...~~≈~..#.##
##..~≈≈~.~...#
##≈~≈≈≈≈≈≈~.##
#..~≈≈≈≈~≈~.#
#.~.~~..~~~.##
#.~~.~<..~~~.##


You could see a gnoll.

Vanquished Creatures
  2 bats (D:1)
  A goblin (D:1)
  A rat (D:1)
4 creatures vanquished.

Notes
Turn   | Place    | Note
-------+----------+-------------------------------------------
     0 | D:1      | horus123 the Deep Elf Hedge Wizard began the quest for the
                  | Orb.
     0 | D:1      | Reached XP level 1. HP: 10/10 MP: 7/7
   121 | D:1      | Slain by a gnoll

Illustrated notes

Levels and vault maps discovered:
D:1:      dpeg_arrival_subterranean_lakeside_camping, layout_basic

Action                     || total
---------------------------++-------
  Melee: Dagger            ||     2
   Cast: Magic Dart        ||    13
 Armour: Robe              ||     2
  Dodge: Dodged            ||     5

Table legend: (Time is in decaauts)
 A = Elapsed time spent in this place.
 B = Non-inter-level travel time spent in this place.
 C = Inter-level travel time spent in this place.
 D = Time resting spent in this place.
 E = Time spent auto-exploring this place.
 F = Levels seen in this place.
 G = Mean time per level.
                   A        B        C        D        E       F      G
               +--------+--------+--------+--------+--------+-----+--------+
         Total |    121 |    121 |      0 |      0 |     96 |   1 |  121.0 |
       Dungeon |    121 |    121 |      0 |      0 |     96 |   1 |  121.0 |
               +--------+--------+--------+--------+--------+-----+--------+

Top non-repeatable levels by time:
     D:1: 121 daAuts
